 Dungeon Crawl Stone Soup version 0.30-a0-782-ge64f9170bb (webtiles) character file.

Game seed: 9366130505903341854

9843 Bnni the Tainter (level 11, -5/79 (89) HPs)
             Began as a Formicid Venom Mage on Mar 2, 2023.
             Was a High Priest of Cheibriados.
             Killed by the air
             ... invoked by Gastronok
              (35 damage)
             ... on level 10 of the Dungeon.
             The game lasted 00:26:45 (11070 turns).

Bnni the Tainter (Formicid Venom Mage)             Turns: 11070, Time: 00:26:46

HP:   -5/79 (89)    AC: 11    Str: 21    XL:     11   Next: 81%
MP:   16/27         EV: 15    Int: 30    God:    Cheibriados [*****.]
Gold: 673           SH:  0    Dex: 28    Spells: 4/16 levels left

rFire   + . .      SeeInvis +    F - +4 dagger "Giantbane" {freeze, rElec rPois rCorr Str-5 Dex+2}
rCold   . . .      Faith    .    (no shield)
rNeg    . . .      Spirit   .    D - +2 robe {rF+}
rPois   +          Reflect  .    (helmet unavailable)
rElec   +          Harm     .    k - +0 cloak
rCorr   +          Rampage  .    (no gloves)
Will    +....                    q - +0 pair of boots
Stlth   +++                      i - amulet of regeneration
HPRegen 1.13/turn                s - ring of magical power
MPRegen 0.20/turn                h - +4 ring of protection

@: studying Throwing, heavily drained, very slow
A: permanent stasis, dig shafts and tunnels, antennae 3, four strong arms
a: Dig, Shaft Self, Renounce Religion, Bend Time, Temporal Distortion, Slouch,
Step From Time


You were on level 10 of the Dungeon.
You worshipped Cheibriados.
Cheibriados was extremely pleased with you.
You visited 1 branch of the dungeon, and saw 10 of its levels.
You also visited: Sewer.

You collected 673 gold pieces.

Inventory:

Hand Weapons
 F - the +4 dagger "Giantbane" (weapon) {freeze, rElec rPois rCorr Str-5 Dex+2}
   (You found it on level 8 of the Dungeon)

   Str:       It affects your strength (-5).
   Dex:       It affects your dexterity (+2).
   rElec:     It insulates you from electricity.
   rPois:     It protects you from poison.
   rCorr:     It protects you from acid and corrosion.
 I - a +1 scimitar of flaming
Missiles
 C - 6 curare-tipped darts
Armour
 k - a +0 cloak (worn)
 q - a +0 pair of boots (worn)
 D - a +2 robe of fire resistance (worn)
 H - a +4 chain mail of fire resistance
Jewellery
 h - a +4 ring of protection (right hand)
 i - an amulet of regeneration (around neck)
 s - a ring of magical power (left hand)
 t - a ring of flight
 w - an amulet of reflection
Wands
 u - a wand of digging (5)
 y - a wand of flame (34)
 B - a wand of roots (3)
 E - a wand of paralysis (12)
 G - a wand of acid (7)
Scrolls
 c - 2 scrolls of enchant weapon
 d - a scroll of magic mapping
 e - a scroll of poison
 f - 2 scrolls of immolation
 g - 4 scrolls of fear
 n - 4 scrolls of fog {unknown}
 K - a scroll of vulnerability
Potions
 a - a potion of invisibility {unknown}
 b - 3 potions of magic
 j - a potion of ambrosia
 l - a potion of degeneration {unknown}
 m - a potion of might
 o - a potion of heal wounds
 p - a potion of mutation
 r - 2 potions of resistance {unknown}
 v - 5 potions of curing {unknown}
 x - a potion of brilliance {unknown}
 z - a potion of attraction {unknown}
 A - 3 potions of lignification {unknown}
 J - a potion of cancellation {unknown}


   Skills:
 + Level 9.3 Fighting
 + Level 7.6 Armour
 + Level 3.5 Dodging
 - Level 2.4 Stealth
 - Level 3.0 Spellcasting
 - Level 1.1 Transmutations
 - Level 5.0 Air Magic
 - Level 12.0 Poison Magic
 * Level 9.6 Invocations


You had 4 spell levels left.
You knew the following spells:

 Your Spells              Type           Power      Damage    Failure   Level
a - Sting                 Tmut/Pois      100%       1d8       1%          1
b - Poisonous Vapours     Pois/Air       100%       N/A       1%          2
c - Mephitic Cloud        Conj/Pois/Air  38%        N/A       2%          3
d - Olgreb's Toxic Radia  Pois           66%        N/A       1%          4
e - Cigotuvi's Dreadful   Necr/Pois/Air  76%        N/A       1%          2

Your spell library contained the following spells:

 Spells                   Type           Power      Damage    Failure   Level
 Shock                    Conj/Air       76%        1d7       2%          1
 Kiss of Death            Conj/Necr      16%        2d6       7%          1
 Summon Small Mammal      Summ           16%        N/A       7%          1
 Airstrike                Air            17%        2d(3-19)  9%          4
 Call Canine Familiar     Summ           4%         N/A       22%         3
 Confusing Touch          Hex            4%         N/A       22%         3
 Hailstorm                Conj/Ice       4%         3d4       22%         3
 Inner Flame              Hex/Fire       4%         N/A       22%         3
 Summon Guardian Golem    Hex/Summ       4%         N/A       22%         3
 Ice Form                 Ice/Tmut       7%         N/A       50%         4
 Dispel Undead            Necr           4%         3d7       56%         4
 Flame Wave               Conj/Fire      4%         2d5       56%         4
 Sticky Flame             Conj/Fire      4%         2d3       56%         4
 Death Channel            Necr           2%         N/A       100%        6
 Simulacrum               Ice/Necr       2%         N/A       100%        6
 Swiftness                Air            Unusable   N/A       N/A         3

Dungeon Overview and Level Annotations

Branches:
Dungeon (10/15)            Temple (0/1) D:7            Lair (0/5) D:9
  Sewer (visited)
    Orc: D:9-12

Altars:
Cheibriados
Dithmenos
Fedhas
Gozag
Hepliaklqana
Nemelex Xobeh

Annotations:
D:10 Gastronok


Innate Abilities, Weirdness & Mutations

You cannot be hasted, slowed, berserked, paralysed or teleported.
You can dig through walls and to a lower floor.
You have a pair of large antennae on your head. (SInv)
Your four strong arms can wield two-handed weapons with a shield.


Message History

Gastronok is heavily wounded.
Gastronok looks as sick as possible!
The river rat looks even sicker.
You kill the river rat!
The river rat's corpse disappears in a puff of smoke!
Gastronok bites you!!
You hit Gastronok. You freeze Gastronok.
Gastronok is severely wounded.
Gastronok looks as sick as possible!
Your toxic aura wanes.
You hit Gastronok but do no damage.
Gastronok is severely wounded.
Gastronok bites you!!
Aiming: Corrosive Bolt
Press: ? - help, Shift-Dir - straight line, f/p - Gastronok
Aim: Gastronok, wearing a +0 hat of willpower (severely wounded, extremely poisoned, 100% to hit)
The bolt of acid hits Gastronok!
The acid corrodes Gastronok!
Gastronok is severely wounded.
Aiming: Corrosive Bolt
Press: ? - help, Shift-Dir - straight line, f/p - Gastronok
Aim: Gastronok, wearing a +0 hat of willpower (severely wounded, extremely poisoned, covered in acid, 100% to hit)
The bolt of acid hits Gastronok!
Gastronok seems to be corroded for longer.
Gastronok is almost dead.
Gastronok casts a spell.
Aiming: Corrosive Bolt
Press: ? - help, Shift-Dir - straight line, f/p - Gastronok
Aim: Gastronok, wearing a +0 hat of willpower (almost dead, extremely poisoned, covered in acid, 100% to hit)
The bolt of acid hits Gastronok!
Gastronok seems to be corroded for longer.
Gastronok is almost dead.
The bat hits you but does no damage. The rat closely misses you.
Aiming: Poisonous Vapours (safe; 1% risk of failure)
Press: ? - help, Q - select action, (/) - cycle Dir - move target, f/p - Gastronok
Aim: Gastronok, wearing a +0 hat of willpower (almost dead, extremely poisoned, covered in acid) Poisonous vapours surround Gastronok!
Gastronok looks as sick as possible!
The bat misses you.
Gastronok gurgles.
Gastronok waves his eye-stalks in wide circles.
The air twists around and strikes you!!
You die...

. # #####..
#.###.......
#....r......
#...@....#
#..r.w..##
#...b..##
#.###...# #.
##..# #. ..>
. :... ...##


You could see Gastronok (extremely poisoned, corroded), a bat (summoned) and 2
rats.

Vanquished Creatures
  Erica (D:8)
  Joseph (D:7)
  Maggie (D:7)
  Psyche (D:8)
  A rime drake (D:9)
  A troll (D:9)
  Grinder (D:5)
  4 hornets
  4 yaks
  A wraith (D:9)
  2 wyverns (D:7)
  A steam dragon (D:8)
  An acid dragon (D:9)
  Duvessa (D:6)
  Pargi (Sewer)
  2 black bears
  A sky beast (D:6)
  3 orc warriors
  10 ice beasts
  3 wolves (D:9)
  2 ogres
  5 centaurs
  6 kobold brigands
  Blork the orc (D:5)
  4 bullfrogs
  A gnoll sergeant (D:8)
  3 necrophages
  4 scorpions
  5 wights
  Dowan (D:6)
  10 killer bees (D:7)
  A howler monkey (D:4)
  A jelly (D:4)
  4 orc priests
  4 hounds
  2 gnoll boudas
  Crazy Yiuf (D:4)
  9 iguanas
  9 orc wizards
  7 adders
  8 gnolls
  2 shadow imps (D:8)
  3 white imps (D:5)
  2 ufetubi (D:5)
  2 worms
  31 orcs
  6 ball pythons
  6 endoplasms
  6 giant cockroaches
  2 goblins
  7 hobgoblins
  7 jackals (D:2)
  24 kobolds
  4 quokkas
  13 bats
  3 frilled lizards
  9 rats
256 creatures vanquished.

Vanquished Creatures (others)
  An ice beast (D:9)
  3 plants (D:2)
4 creatures vanquished.

Grand Total: 260 creatures vanquished

Notes
Turn   | Place    | Note
-------+----------+-------------------------------------------
     0 | D:1      | Bnni the Formicid Venom Mage began the quest for the Orb.
     0 | D:1      | Reached XP level 1. HP: 13/13 MP: 3/3
   242 | D:1      | Reached XP level 2. HP: 20/20 MP: 3/5
   245 | D:1      | Learned a level 2 spell: Poisonous Vapours
   750 | D:1      | You fall into a shaft and drop 1 floor!
   765 | D:2      | Reached skill level 1 in Fighting
   957 | D:2      | Reached XP level 3. HP: 26/26 MP: 6/6
   983 | D:2      | Reached skill level 5 in Poison Magic
  1008 | D:2      | HP: 1/26 [gnoll/+0 spear (6)]
  1010 | D:2      | Reached XP level 4. HP: 1/32 MP: 0/8
  1152 | D:2      | Found a faded altar of an unknown god.
  1378 | D:2      | Learned a level 4 spell: Olgreb's Toxic Radiance
  2024 | D:3      | Reached XP level 5. HP: 38/38 MP: 4/9
  2092 | D:3      | Noticed a black bear
  2104 | D:3      | Killed a black bear
  2105 | D:3      | Reached skill level 6 in Poison Magic
  2105 | D:3      | Reached XP level 6. HP: 25/46 MP: 0/10
  2109 | D:3      | Learned a level 3 spell: Mephitic Cloud
  2339 | D:3      | Reached skill level 7 in Poison Magic
  2373 | D:3      | Found an opulent altar of Gozag.
  2375 | D:3      | Found a glowing drain.
  2405 | Sewer    | Entered a sewer
  2467 | Sewer    | Noticed Pargi
  2486 | Sewer    | Killed Pargi
  3015 | D:4      | Reached XP level 7. HP: 53/53 MP: 11/11
  3068 | D:4      | Reached skill level 8 in Poison Magic
  3625 | D:4      | Reached skill level 9 in Poison Magic
  3825 | D:4      | Found a runed translucent door.
  3826 | D:4      | Noticed Crazy Yiuf
  3836 | D:4      | Killed Crazy Yiuf
  3931 | D:4      | Reached XP level 8. HP: 51/61 MP: 12/12
  4321 | D:4      | Found a snail-covered altar of Cheibriados.
  4335 | D:4      | Became a worshipper of Cheibriados the Contemplative
  4544 | D:5      | Entered Level 5 of the Dungeon
  4703 | D:5      | Reached skill level 1 in Air Magic
  4703 | D:5      | Reached skill level 1 in Invocations
  4782 | D:5      | Reached skill level 5 in Fighting
  5194 | D:5      | Reached skill level 10 in Poison Magic
  5323 | D:5      | Reached skill level 1 in Armour
  5553 | D:5      | Noticed Grinder
  5567 | D:5      | Killed Grinder
  5567 | D:5      | Reached * piety under Cheibriados
  5878 | D:5      | Noticed Blork the orc
  5887 | D:5      | Killed Blork the orc
  5888 | D:5      | Reached XP level 9. HP: 63/69 MP: 13/13
  6357 | D:6      | Reached skill level 11 in Poison Magic
  6574 | D:6      | Found a hazy altar of Hepliaklqana.
  6675 | D:6      | Noticed a hornet
  6681 | D:6      | Killed a hornet
  6846 | D:6      | Noticed Dowan
  6847 | D:6      | Noticed Duvessa
  6852 | D:6      | Killed Dowan
  6855 | D:6      | Killed Duvessa
  6855 | D:6      | Reached ** piety under Cheibriados
  7069 | D:6      | Found a shadowy altar of Dithmenos.
  7767 | D:7      | Reached skill level 12 in Poison Magic
  7853 | D:7      | Reached XP level 10. HP: 66/77 MP: 14/14
  7896 | D:7      | Found a staircase to the Ecumenical Temple.
  7923 | D:7      | Reached skill level 5 in Invocations
  7964 | D:7      | Noticed Joseph
  7986 | D:7      | Killed Joseph
  8124 | D:7      | Reached skill level 5 in Armour
  8302 | D:7      | Noticed Maggie
  8323 | D:7      | Killed Maggie
  8438 | D:7      | Reached *** piety under Cheibriados
  8816 | D:8      | Noticed Erica
  8833 | D:8      | Killed Erica
  8995 | D:8      | Found a sparkling altar of Nemelex Xobeh.
  9061 | D:8      | Noticed Psyche
  9072 | D:8      | Killed Psyche
  9080 | D:8      | Reached XP level 11. HP: 79/86 MP: 8/16
  9094 | D:8      | Reached skill level 5 in Air Magic
  9119 | D:8      | Reached **** piety under Cheibriados
  9371 | D:8      | Identified the +4 dagger "Giantbane" {freeze, rElec rPois
                  | rCorr Str-5 Dex+2}
  9655 | D:8      | Learned a level 2 spell: Cigotuvi's Dreadful Rot
  9936 | D:9      | Found a blossoming altar of Fedhas.
 10028 | D:9      | Identified the +3 sling of Excruciating Pain {heavy, Fly
                  | MP+9 Int+4 Dex-4}
 10275 | D:9      | Reached ***** piety under Cheibriados
 10499 | D:9      | HP: 3/76 [wight/+4 great sword (13)]
 10618 | D:9      | Found a staircase to the Lair.
 11049 | D:10     | Entered Level 10 of the Dungeon
 11049 | D:10     | Noticed Gastronok
 11070 | D:10     | Killed from afar by Gastronok

Illustrated notes

Levels and vault maps discovered:
D:1:      heliophobic_arrival_glass_houses, layout_basic
D:2:      wad_lake_hut, layout_basic, serial_glass, glass_columns_a,
          glass_columns_b, glass_columns_b, glass_columns_a, glass_columns_b,
          glass_columns_a, glass_columns_c, glass_columns_b,
          dreamdust_ecumenical_altar_grove, minivault_14,
          minmay_misc_feat_alley, minivault_25, minmay_tetromino_o2
D:3:      layout_basic, nicolae_gozag_seed_capital, portal_sewer_entry_c,
          serial_bayou_pond_c, reono_crystal_passage
D:4:      layout_layer_cave, chei_slow_surprise, uniq_crazy_yiuf_cottage
D:5:      layout_basic, uniq_blork_the_orc, uniq_grinder
D:6:      layout_basic, nicolae_hepliaklqana_hazy_memory,
          nicolae_dithmenos_the_darkroom, uniq_duvessa
D:7:      layout_loops_ring, minmay_temple_entry_hall, uniq_joseph, uniq_maggie
D:8:      minmay_s_stair_smasher, layout_gridville,
          mainiacjoe_overflow_boulevard, minmay_manual_moon, uniq_erica,
          uniq_psyche
D:9:      layout_loops_ring, mainiacjoe_overflow_surrounded_room,
          hellmonk_lair_entry_icy, kennysheep_small_circle
D:10:     layout_layer_cave, uniq_gastronok

Skill      XL: |  1  2  3  4  5  6  7  8  9 10 11 |
---------------+----------------------------------+-----
Fighting       | 1 2 3 4 5 6 8 9 |  9.3
Poison Magic   | 5 6 7 9 10 12 | 12.0
Spellcasting   | 3 |  3.0
Air Magic      | 2 3 4 5 |  5.0
Invocations    | 2 4 7 9 |  9.6
Armour         | 1 4 6 7 |  7.6
Dodging        | 3 |  3.5
Stealth        | |  2.4
Transmutations | |  1.1

Action                     |  1- 3 |  4- 6 |  7- 9 | 10-12 || total
---------------------------+-------+-------+-------+-------++-------
  Melee: Spear             |    42 |   104 |   206 |       ||   352
         Punch             |       |     2 |     2 |     7 ||    11
         Short sword       |       |       |    42 |    20 ||    62
         Whip              |       |       |       |    98 ||    98
         Dagger            |       |       |       |   187 ||   187
  Throw: Throwing net      |       |       |       |     2 ||     2
         Dart              |       |       |       |     1 ||     1
   Cast: Sting             |    18 |    45 |    42 |    51 ||   156
         Poisonous Vapours |     2 |    12 |    64 |    53 ||   131
         Olgreb's Toxic Ra |       |     1 |    12 |    18 ||    31
         Mephitic Cloud    |       |     1 |     4 |    10 ||    15
Ability: Dig               |       |       |       |     1 ||     1
  Evoke: Wand              |       |       |     3 |     9 ||    12
    Use: Scroll            |       |     8 |     2 |     4 ||    14
         Potion            |       |       |       |     1 ||     1
   Stab: Sleeping          |     3 |     5 |     1 |     4 ||    13
         Distracted        |       |     1 |       |     1 ||     2
         Confused          |       |     4 |     1 |     3 ||     8
 Armour: Robe              |    12 |    67 |    94 |   152 ||   325
         Troll leather arm |       |       |     1 |       ||     1
  Dodge: Dodged            |    16 |   120 |   135 |   235 ||   506

Table legend: (Time is in decaauts)
 A = Elapsed time spent in this place.
 B = Non-inter-level travel time spent in this place.
 C = Inter-level travel time spent in this place.
 D = Time resting spent in this place.
 E = Time spent auto-exploring this place.
 F = Levels seen in this place.
 G = Mean time per level.
                   A        B        C        D        E       F      G
               +--------+--------+--------+--------+--------+-----+--------+
         Total |  13118 |  12697 |    421 |   1110 |   9246 |  11 | 1192.5 |
       Dungeon |  12946 |  12525 |    421 |   1081 |   9159 |  10 | 1294.6 |
         Sewer |    172 |    172 |      0 |     29 |     87 |   1 |  172.0 |
               +--------+--------+--------+--------+--------+-----+--------+

Top non-repeatable levels by time:
     D:5: 1971 daAuts
     D:6: 1862 daAuts
     D:9: 1807 daAuts
     D:4: 1617 daAuts
     D:8: 1482 daAuts
     D:7: 1322 daAuts
     D:2: 1202 daAuts
     D:1: 841 daAuts
     D:3: 819 daAuts
   Sewer: 172 daAuts
    D:10: 20 daAuts
